 Dungeon Crawl Stone Soup version 0.28.0-43-g3370ac3207 (webtiles) character file.

Game seed: 5330469290440536776

106 zeratav the Sneak (level 4, 0/21 HPs)
             Began as a Spriggan Enchanter on Apr 1, 2022.
             Slain by a bat (1 damage)
             ... on level 3 of the Dungeon.
             The game lasted 00:09:13 (3373 turns).

zeratav the Sneak (Spriggan Enchanter)              Turns: 3373, Time: 00:09:14

Health: 0/21       AC:  3    Str:  4    XL:     4   Next: 55%
Magic:  0/9        EV: 17    Int: 18    God:
Gold:   104        SH:  0    Dex: 15    Spells: 7/9 levels left

rFire   . . .      SeeInvis +   a - +1 dagger
rCold   . . .      Faith    .   (no shield)
rNeg    . . .      Spirit   .   b - +0 robe
rPois   .          Reflect  .   (helmet restricted)
rElec   .          Harm     .   k - +0 cloak
rCorr   .          Rampage  .   (gloves unavailable)
Will    .....                   (boots unavailable)
Stlth   +++.......              (no amulet)
HPRegen 0.07/turn               (no ring)
MPRegen 0.11/turn               (no ring)

@: very quick
A: very small, no large weapons, unfitting armour, see invisible, speed 3
a: no special abilities


You were on level 3 of the Dungeon.
You visited 1 branch of the dungeon, and saw 3 of its levels.

You collected 104 gold pieces.

Inventory:

Hand Weapons
 a - a +1 dagger (weapon)
Missiles
 e - 58 stones (quivered)
Armour
 b - a +0 robe (worn)
 g - a +0 buckler
 k - a +0 cloak (worn)
Scrolls
 d - 6 scrolls of identify {unknown}
 f - a scroll of fog {unknown}
 h - a scroll of brand weapon {unknown}
 i - a scroll of enchant weapon {unknown}
Potions
 c - a potion of invisibility
 j - a potion of mutation {unknown}
 l - a potion of heal wounds {unknown}


   Skills:
 + Level 1.4 Short Blades
 + Level 3.0 Dodging
 + Level 6.3 Stealth
 + Level 3.1 Spellcasting
 + Level 4.2 Hexes
 * Level 1.3 Ice Magic


You had 7 spell levels left.
You knew the following spells:

 Your Spells              Type           Power      Damage    Failure   Level
a - Ensorcelled Hibernat  Hex/Ice        24%        N/A       8%          2

Your spell library contained the following spells:

 Spells                   Type           Power      Damage    Failure   Level
 Confusing Touch          Hex            18%        N/A       9%          3
 Tukima's Dance           Hex            18%        N/A       9%          3
 Dazzling Flash           Conj/Hex       20%        N/A       21%         3


Dungeon Overview and Level Annotations

Branches:
Dungeon (3/15)

Altars:
Cheibriados


Innate Abilities, Weirdness & Mutations

You are very small and have problems with some larger weapons.
You are too small for most types of armour.
You have supernaturally acute eyesight. (SInv)
You cover ground extremely quickly. (Speed+++)


Message History

Aim: a worm (chance to affect: 54%)
The worm looks drowsy...
The helpless worm fails to defend itself.
You impale the worm!!
You kill the worm!
Your Dodging skill increases to level 3!
An iguana comes into view.
The iguana hisses angrily.
You hit the bat.
The bat is severely wounded.
The bat hits you but does no damage.
You hit the bat.
You kill the bat!
The bat barely misses you.
You hit the bat but do no damage. The bat barely misses you.
Casting: Ensorcelled Hibernation (safe; 8% risk of failure)
Confirm with . or Enter, or press ? or * to list all spells.
Aiming: Ensorcelled Hibernation (safe; 8% risk of failure)
Press: ? - help, Shift-Dir - straight line The iguana resists with significant effort.
The bat hits you but does no damage.
Your magical contamination has completely faded away.
You closely miss the iguana. The bat barely misses you. The iguana misses you.
Casting: Ensorcelled Hibernation (safe; 8% risk of failure)
Confirm with . or Enter, or press ? or * to list all spells.
Aiming: Ensorcelled Hibernation (safe; 8% risk of failure)
Press: ? - help, Shift-Dir - straight line, f - iguana
Aim: an iguana (chance to affect: 54%)
The iguana resists with significant effort.
The bat barely misses you. The iguana misses you.
You hit the iguana. You punch the iguana, but do no damage.
The iguana is lightly wounded.
The bat hits you but does no damage. The iguana bites you!
Ouch! That really hurt!
You hit the iguana but do no damage.
The iguana is lightly wounded.
The bat hits you. The iguana bites you!
* * * LOW HITPOINT WARNING * * *
The bat hits you.
You die...

#######
##.....##
##.......##
#.........#
#.....<†..#
#.....@...#
#.....b...#
#.....l...#
#.........#
#.........#
#.........#
...........#
.#.........#
##.......##


You could see an iguana and a bat.

Vanquished Creatures
  Terence (D:2)
  2 adders (D:2)
  3 worms
  3 dart slugs
  5 endoplasms
  2 giant cockroaches (D:1)
  3 goblins
  7 hobgoblins
  4 jackals (D:2)
  A quokka (D:1)
  3 ball pythons
  8 bats
  3 frilled lizards (D:2)
  3 kobolds
  3 rats
51 creatures vanquished.

Notes
Turn   | Place    | Note
-------+----------+-------------------------------------------
     0 | D:1      | zeratav the Spriggan Enchanter began the quest for the Orb.
     0 | D:1      | Reached XP level 1. HP: 9/9 MP: 5/5
   164 | D:1      | Reached XP level 2. HP: 9/13 MP: 6/6
   167 | D:1      | Learned a level 2 spell: Ensorcelled Hibernation
   272 | D:1      | Noticed an eye of devastation
   274 | D:1      | Found a faded altar of an unknown god.
   276 | D:1      | Noticed a great orb of eyes
   288 | D:1      | Noticed an eye of devastation
   288 | D:1      | Noticed a shining eye
   405 | D:1      | Reached skill level 5 in Stealth
  1359 | D:1      | Reached XP level 3. HP: 16/16 MP: 8/8
  2214 | D:2      | Noticed Terence
  2224 | D:2      | Reached skill level 1 in Ice Magic
  2323 | D:2      | Killed Terence
  2324 | D:2      | Reached XP level 4. HP: 21/21 MP: 0/9
  2637 | D:2      | Found a snail-covered altar of Cheibriados.
  2699 | D:2      | Reached skill level 6 in Stealth
  3371 | D:3      | HP: 1/21 [iguana (8)]
  3373 | D:3      | Slain by a bat

Illustrated notes

Levels and vault maps discovered:
D:1:      dpeg_arrival_rooms_a, layout_basic,
          hellmonk_ecumenical_altar_watching_god
D:2:      layout_loops_ring, basic_altar, chequers_serial_rivers_small_a,
          hangedman_decor_clover_reticule, uniq_terence
D:3:      layout_rooms, nicolae_uskayaw_murder_on_the_dancefloor

Skill      XL: |  1  2  3  4 |
---------------+-------------+-----
Stealth        | 5 6 |  6.3
Hexes          | 4 |  4.2
Ice Magic      | 1 |  1.3
Spellcasting   | 3 |  3.1
Dodging        | 3 |  3.0
Short Blades   | |  1.4

Action                   |  1- 3 |  4- 6 || total
-------------------------+-------+-------++-------
Melee: Dagger            |    64 |    31 ||    95
       Punch             |       |     1 ||     1
Throw: Stone             |       |     1 ||     1
 Cast: Ensorcelled Hiber |    37 |    21 ||    58
 Stab: Sleeping          |    31 |    11 ||    42
       Distracted        |       |     1 ||     1
Armor: Robe              |     2 |     6 ||     8
Dodge: Dodged            |    55 |    33 ||    88
Block: Buckler           |     1 |       ||     1
